 Dungeon Crawl Stone Soup version 0.31.0-32-g396128a36d (webtiles) character file.

Game seed: 7023897441837220894

8080 spaghetti the Fighter (level 11, -6/60 HPs)
             Began as a Vine Stalker Necromancer on Mar 11, 2024.
             Was an Initiate of Gozag.
             Mangled by a yak (13 damage)
             ... on level 10 of the Dungeon.
             The game lasted 00:29:12 (10405 turns).

spaghetti the Fighter (Vine Stalker Necromancer)   Turns: 10405, Time: 00:29:13

Health: -6/60      AC:  6    Str: 10    XL:     11   Next: 25%
Magic:  0/24       EV: 12    Int: 19    God:    Gozag
Gold:   148        SH:  0    Dex: 14    Spells: 22/26 levels left

rFire   + . .        a - +2 scythe (venom)
rCold   + + +        (shield currently unavailable)
rNeg    + . .        F - +1 robe {Will+}
rPois   .            g - +0 helmet
rElec   +            (no cloak)
rCorr   .            (no gloves)
SInv    +            h - +1 pair of boots
Will    ++...        (no amulet)
Stlth   ++           t - ring of wizardry
HPRegen 1.10/turn    A - ring "Xucsoeta" {^Drain rElec rF+ rC+++ rN+ SInv}
MPRegen 0.19/turn

%: clarity, guardian spirit, wizardry (x1)
@: gold aura
A: fangs 3, regeneration 1, magic shield, antimagic bite, no potion heal 2,
clarity, clumsy 1, MP-powered wands
a: Renounce Religion, Potion Petition, Call Merchant, Bribe Branch


You were on level 10 of the Dungeon.
You worshipped Gozag.
Gozag was aware of your devotion.
You visited 2 branches of the dungeon, and saw 11 of its levels.

You collected 1255 gold pieces.
You paid 1107 gold pieces to Gozag.

Inventory:

Hand Weapons
 a - a +2 scythe of venom (weapon)
 b - a +1 shortbow of draining
 j - a +2 eveningstar of flaming
 D - a +3 great sword
Missiles
 o - 4 javelins (quivered)
Armour
 g - a +0 helmet (worn)
 h - a +1 pair of boots (worn)
 F - a +1 robe of willpower (worn)
Magical Staves
 m - a staff of conjuration
Jewellery
 d - a ring of positive energy
 k - a ring of ice
 t - a ring of wizardry (left hand)
 u - a ring of willpower
 A - the ring "Xucsoeta" (right hand) {^Drain rElec rF+ rC+++ rN+ SInv}
   (You found it on level 7 of the Dungeon)

   [ring of see invisible]

   rF+:       It protects you from fire.
   rC+++:     It renders you almost immune to cold.
   rElec:     It insulates you from electricity.
   rN+:       It protects you from negative energy.
   SInv:      It lets you see invisible.
   ^Drain:    It drains your maximum health when unequipped.
 B - a ring of ice
Wands
 i - a wand of flame (25)
 C - a wand of roots (6)
Scrolls
 f - 4 scrolls of amnesia
 n - a scroll of immolation
 s - a scroll of vulnerability
 y - 3 scrolls of teleportation
 G - a scroll of revelation
Potions
 c - 4 potions of heal wounds
 e - a potion of invisibility
 l - 4 potions of curing
 v - a potion of cancellation
 x - a potion of attraction
 z - 3 potions of might
 E - a potion of brilliance


   Skills:
 + Level 8.5 Fighting
 + Level 4.5 Armour
 - Level 1.5 Dodging
 - Level 2.4 Stealth
 - Level 8.0 Spellcasting
 - Level 4.2 Summonings
 - Level 6.0 Necromancy
 - Level 8.0 Evocations


You had 22 spell levels left.
You knew the following spells:

 Your Spells              Type           Power      Damage    Failure   Level
a - Vampiric Draining     Necr           30%        2d8       1%          3
c - Summon Small Mammal   Summ           92%        N/A       1%          1

Your spell library contained the following spells:

 Spells                   Type           Power      Damage    Failure   Level
 Necrotise                Necr           100%       1d9       1%          1
 Apportation              Tloc           14%        N/A       3%          1
 Freeze                   Ice            28%        1d5       3%          1
 Magic Dart               Conj           28%        1d4       3%          1
 Sting                    Conj/Alch      28%        1d4       3%          1
 Searing Ray              Conj           14%        2d5       6%          2
 Curse of Agony           Necr           30%        N/A       9%          5
 Frozen Ramparts          Ice            14%        1d3       11%         3
 Hailstorm                Conj/Ice       7%         3d5       11%         3
 Fulminant Prism          Conj/Alch      3%         3d5       32%         4
 Iskenderun's Battlesphe  Conj           7%         2d6       65%         5
 Bombard                  Conj/Erth      3%         9d1       99%         6
 Spellforged Servitor     Conj/Summ      7%         N/A       100%        7
 Animate Dead             Necr           Unusable   N/A       N/A         4

Dungeon Overview and Level Annotations

Branches:
Dungeon (10/15)            Temple (1/1) D:5            Lair (0/5) D:9
    Orc: D:9-12

Altars:
Ashenzari
Cheibriados
Dithmenos
Elyvilon
Fedhas
Gozag
Hepliaklqana
Kikubaaqudgha
Makhleb
Okawaru
Qazlal
Ru
Sif Muna
Trog
Uskayaw
Wu Jian
Xom
Yredelemnul
Zin
The Shining One

Shops:
D:8 [

Annotations:
D:3 3 runed translucent doors, seawaffle's ghost, amateur DsFi
D:9 exclusion: door


Innate Abilities, Weirdness & Mutations

You have razor-sharp teeth.
Your natural rate of healing is unusually fast.
When hurt, damage is shared between your health and your magic reserves.
Your bite disrupts and absorbs the magic of your enemies.
Potions cannot restore your health.
You possess an exceptional clarity of mind.
You are clumsy. (Dex -2)
You expend magic power (3 MP) to strengthen your wands.


Message History

Aiming: Vampiric Draining (safe; 1% risk of failure)
Press: ? - help, Shift-Dir - straight line, f/p - yak
Aim: a yak (almost dead, very poisoned, ally target)
You draw life force from the yak!
You kill the yak!
You feel life coursing into your body.
Your bat hits the yak.
The yak closely misses you. x2; The yak gores you!
The yak misses you.
Your quokka closely misses the yak.
Your quokka bites the yak but does no damage.
The yak barely misses you. The yak barely misses your bat.
Your bat hits the yak but does no damage.
Your bat closely misses the yak.
Your quokka bites the yak but does no damage.
Your bat hits the yak but does no damage.
The yak attacks as it pursues you! The yak gores you!
* * * LOW HITPOINT WARNING * * *
The yak barely misses your bat.
Your quokka barely misses the yak.
Your bat hits the yak but does no damage.
The yak gores your bat!
Your bat dies!
Your bat's corpse disappears in a puff of smoke!
The yak attacks as it pursues you! The yak gores you.
* * * LOW HITPOINT WARNING * * *
Your quokka barely misses the yak.
Found a scroll of teleportation.
The yak attacks as it pursues you! The yak gores you!
* * * LOW HITPOINT WARNING * * *
The yak attacks as it pursues you! The yak closely misses you.
You puncture the yak!
The yak is poisoned.
Your bite misses the yak.
The yak is moderately wounded.
The yak gores you.
* * * LOW HITPOINT WARNING * * *
Okay, then.
Okay, then.
The yak attacks as it pursues you! The yak gores you.
* * * LOW HITPOINT WARNING * * *
There is an escape hatch in the ceiling, spattered with blood here.
The yak gores you!
You die...
Your body crumbles into a pile of gold.

##......###..###.##.#..##
........................
##.....#########.#.#.... .
......... .....#.... .
#....########.#.#.... # #.
#..YY....# #.#...... .. #.
#..#Y#.### #.####### .§§##.#
#YY#Y# #........
§§§....##..#@#.# #########..
..§.....Y.r#.#.# #..........
..##.$.?.##.#.# #.#######.<
...........#.#.# #.#.......#
.....8.(8..#.#.# #.#........
##....8.....<#.# #)#########
#.....##....#.####..........
.......
####...##.........###
#..~... #.#..#.........###


You could see 4 yaks.

Vanquished Creatures
  Erolcha (D:9)
  A two-headed ogre (D:9)
  A centaur zombie (D:10)
  Jeremiah (D:7)
  A shadow (D:9)
  A vampire (D:10)
  9 yaks
  A wyvern (D:8)
  Eustachio (D:6)
  2 steam dragons
  4 vampire mosquitoes (D:8)
  2 water moccasins
  An orc warrior (D:9)
  3 sky beasts
  2 ice beasts
  A black bear (D:7)
  2 centaurs
  A kobold brigand (D:10)
  A bullfrog (D:6)
  A necrophage (D:5)
  A scorpion (D:5)
  3 wights (D:7)
  3 killer bees (D:8)
  A jelly (D:6)
  A bombardier beetle (D:5)
  A lava snake (D:8)
  3 hounds
  2 orc priests
  A sleepcap (D:5)
  Ijyb (D:4)
  5 orc wizards
  11 gnolls
  8 adders
  3 shadow imps (D:7)
  2 white imps (D:6)
  4 ufetubi (D:7)
  3 dart slugs
  2 ribbon worms (D:2)
  23 orcs
  6 endoplasms
  7 giant cockroaches
  10 goblins
  11 hobgoblins
  8 jackals (D:1)
  2 quokkas (D:1)
  10 ball pythons
  6 bats
  8 kobolds
  9 rats
192 creatures vanquished.

Vanquished Creatures (collateral kills)
  Urug (D:10)
  A hornet (D:8)
  Sigmund (D:5)
  An ogre (D:6)
  A bullfrog (D:7)
  A wight (D:7)
  3 jellies
  An orc priest (D:7)
  An iguana (D:5)
  A hound skeleton (D:5)
  A gnoll (D:5)
  2 adders
  A dart slug (D:4)
  5 orcs
  A hobgoblin (D:4)
  2 ball pythons (D:1)
  A bat (D:1)
  A frilled lizard (D:1)
  A butterfly (D:5)
27 creatures vanquished.

Vanquished Creatures (others)
  An adder zombie (D:3)
  4 gnoll zombies
  A dart slug zombie (D:4)
  A giant cockroach zombie (D:3)
  3 goblin zombies (D:2)
  A hobgoblin zombie (D:4)
  A kobold zombie (D:2)
  3 orc zombies (D:5)
15 creatures vanquished.

Grand Total: 234 creatures vanquished

Notes
Turn   | Place    | Note
-------+----------+-------------------------------------------
     0 | D:1      | spaghetti the Vine Stalker Necromancer began the quest for
                  | the Orb.
     0 | D:1      | Reached XP level 1. HP: 9/9 MP: 4/4
    45 | D:1      | Reached XP level 2. HP: 12/13 MP: 0/6
   273 | D:1      | Reached XP level 3. HP: 16/16 MP: 4/7
   347 | D:1      | Reached skill level 5 in Necromancy
   553 | D:1      | Learned a level 3 spell: Vampiric Draining
   782 | D:1      | Reached XP level 4. HP: 21/21 MP: 8/8
  1002 | D:1      | Learned a level 4 spell: Animate Dead
  2071 | D:3      | Noticed seawaffle's ghost (amateur DsFi)
  2095 | D:3      | Reached XP level 5. HP: 24/24 MP: 10/10
  2250 | D:3      | Found a runed translucent gate.
  2250 | D:3      | Found a runed translucent gate.
  2252 | D:3      | Found a runed translucent gate.
  2515 | D:3      | Found a white marble altar of Elyvilon.
  2672 | D:4      | Reached XP level 6. HP: 28/28 MP: 11/13
  3218 | D:4      | Reached skill level 5 in Spellcasting
  3404 | D:4      | Noticed Ijyb
  3427 | D:4      | Killed Ijyb
  3867 | D:5      | Entered Level 5 of the Dungeon
  3872 | D:5      | Noticed a water moccasin
  3884 | D:5      | Killed a water moccasin
  3885 | D:5      | Reached XP level 7. HP: 19/32 MP: 0/17
  4102 | D:5      | Learned a level 1 spell: Summon Small Mammal
  4111 | D:5      | Noticed Sigmund
  4217 | D:5      | Reached skill level 1 in Summonings
  4769 | D:5      | Killed Sigmund
  4770 | D:5      | Gained mutation: You have razor-sharp teeth. [Vine Stalker
                  | growth]
  4770 | D:5      | Reached XP level 8. HP: 28/36 MP: 2/20
  4933 | D:5      | Found a staircase to the Ecumenical Temple.
  4971 | D:5      | Found a burning altar of Makhleb.
  5188 | Temple   | Entered the Ecumenical Temple
  5210 | Temple   | Became a worshipper of Gozag Ym Sagoz the Greedy
  5349 | D:6      | Found an ancient bone altar of Kikubaaqudgha.
  5355 | D:6      | Found a shadowy altar of Dithmenos.
  5356 | D:6      | Found a sacrificial altar of Ru.
  5356 | D:6      | Found a basalt altar of Yredelemnul.
  5356 | D:6      | Found an ornate altar of the Wu Jian Council.
  5637 | D:6      | Noticed Eustachio
  5691 | D:6      | Killed Eustachio
  6135 | D:7      | Reached XP level 9. HP: 39/39 MP: 22/22
  6236 | D:7      | Identified the ring "Xucsoeta" {^Drain rElec rF+ rC+++ rN+
                  | SInv}
  6336 | D:7      | Reached skill level 5 in Evocations
  6631 | D:7      | Noticed Jeremiah
  6641 | D:7      | Killed Jeremiah
  7333 | D:7      | Found a blossoming altar of Fedhas.
  7566 | D:8      | Found a hide-covered altar of Uskayaw.
  7625 | D:8      | Reached skill level 1 in Fighting
  7869 | D:8      | Reached XP level 10. HP: 49/49 MP: 13/23
  8093 | D:8      | Found a stormy altar of Qazlal.
  8257 | D:8      | Found a snail-covered altar of Cheibriados.
  8719 | D:9      | Reached skill level 5 in Fighting
  8864 | D:8      | Paralysed by a hornet for 1 turns
  8866 | D:8      | Paralysed by a hornet for 3 turns
  9045 | D:9      | Found a staircase to the Lair.
  9117 | D:9      | Noticed a two-headed ogre
  9142 | D:9      | Killed a two-headed ogre
  9143 | D:9      | Reached skill level 1 in Armour
  9469 | D:9      | Found an iron altar of Okawaru.
  9549 | D:9      | Found a shimmering blue altar of Sif Muna.
  9585 | D:10     | Entered Level 10 of the Dungeon
  9863 | D:10     | Noticed Erolcha
  9887 | D:9      | Killed Erolcha
  9888 | D:9      | Reached XP level 11. HP: 31/60 MP: 10/24
  9984 | D:10     | Noticed Urug
  9994 | D:10     | HP: 1/60 [Urug/+2 eveningstar of flaming (7)]
 10012 | D:10     | Killed Urug
 10053 | D:10     | Gained mutation: You are clumsy. (Dex -2) [potion of
                  | mutation]
 10053 | D:10     | Gained mutation: You possess an exceptional clarity of
                  | mind. [potion of mutation]
 10053 | D:10     | Gained mutation: You expend magic power (3 MP) to
                  | strengthen your wands. [potion of mutation]
 10335 | D:10     | HP: 3/60 [vampire (5)]
 10405 | D:10     | Mangled by a yak

Illustrated notes

Levels and vault maps discovered:
D:1:      dpeg_arrival_pits, layout_basic, minmay_small_reverse_x
D:2:      layout_rooms
D:3:      layout_rooms, nicolae_elyvilon_peaceful_grove, gammafunk_ghost_split
D:4:      layout_basic, uniq_ijyb
D:5:      layout_cave_pools, makhleb_blood_cavern_becter,
          minmay_temple_entry_butterflies, uniq_sigmund
D:6:      layout_basic, grunt_temple_overflow_open, minmay_stone_trees_medium,
          minmay_puff, uniq_eustachio
D:7:      layout_basic, general_overflow_altar, serial_curves, eino_curves_02,
          eino_curves_03, corexii_leaking_fountain,
          nicolae_concentric_dashed_squares_wild, minmay_misc_feat_nine_boxes,
          minmay_gold_behind_fungi, minmay_crystal_water, uniq_jeremiah
D:8:      layout_cave_pools, mainiacjoe_overflow_alcove_2,
          nicolae_uskayaw_suspiria, nicolae_qazlal_beasts_of_the_sky
D:9:      layout_cave_pools, led_sif_book, overflow_temple_1_default,
          lair_entry_dummy
D:10:     layout_basic, lemuel_tele_altar, nicolae_vehumet_radiance,
          serial_undead, serial_undead_c, serial_undead_d, serial_undead_d,
          serial_undead_a, uniq_snorg, uniq_erolcha, uniq_urug
Temple:   hellmonk_temple_beads

Skill      XL: |  1  2  3  4  5  6  7  8  9 10 11 |
---------------+----------------------------------+-----
Necromancy     | 5 6 |  6.0
Spellcasting   | 3 4 6 7 8 |  8.0
Summonings     | 3 4 |  4.2
Evocations     | 4 8 |  8.0
Fighting       | 3 7 8 |  8.5
Armour         | 3 4 |  4.5
Dodging        | |  1.5
Stealth        | |  2.4

Action                     |  1- 3 |  4- 6 |  7- 9 | 10-12 || total
---------------------------+-------+-------+-------+-------++-------
  Melee: Unarmed           |    61 |       |       |       ||    61
         Bite              |    17 |     4 |       |    33 ||    54
         Punch             |     2 |       |       |       ||     2
         Spear             |     5 |     2 |       |       ||     7
         Dagger            |       |    12 |       |       ||    12
         Halberd           |       |       |       |    78 ||    78
   Fire: Shortbow          |       |   201 |   277 |    60 ||   538
  Throw: Javelin           |       |       |       |     1 ||     1
   Cast: Necrotise         |    34 |       |       |       ||    34
         Vampiric Draining |     1 |     9 |     8 |    31 ||    49
         Animate Dead      |       |    15 |     6 |       ||    21
         Summon Small Mamm |       |       |   103 |    84 ||   187
 Invoke: Call Merchant     |       |       |       |     1 ||     1
         Potion Petition   |       |       |       |     1 ||     1
  Evoke: Wand              |       |       |    15 |     4 ||    19
    Use: Scroll            |     1 |     4 |     5 |     4 ||    14
         Potion            |       |    10 |       |     4 ||    14
   Stab: Sleeping          |     3 |       |       |       ||     3
 Armour: Robe              |    37 |    81 |   153 |   186 ||   457
  Dodge: Dodged            |    67 |    71 |   137 |   157 ||   432
